 Seeded DCSS version 0.30.0-15-g856e2d3f33 (webtiles) character file.

Game seed: 4251730087505265810 (custom seed)

5257 bmack86 the Cleaver (level 10, 0/91 HPs)
             Began as a Minotaur Fighter on May 19, 2023.
             Was a Priest of Okawaru.
             Slain by Erolcha
             ... wielding a +0 giant spiked club
              (35 damage)
             ... on level 8 of the Dungeon.
             The game lasted 00:25:54 (8592 turns).

bmack86 the Cleaver (Minotaur Fighter)              Turns: 8592, Time: 00:25:55

Health: 0/91       AC: 22    Str: 25    XL:     10   Next: 36%
Magic:  14/14      EV:  8    Int:  5    God:    Okawaru [***...]
Gold:   401        SH:  6    Dex: 10    Spells: 9/9 levels left

rFire   + . .        d - +9 lance "Wyrmbane" {slay drac, rPois rF+ rC+ AC+3}
rCold   + . .        F - +1 buckler {rN+}
rNeg    + . .        C - +6 chain mail of Untold Secrets {rElec}
rPois   +            (helmet restricted)
rElec   +            e - +0 cloak
rCorr   .            (no gloves)
SInv    .            j - +0 pair of boots
Will    +....        (no amulet) Stlth
                     g - ring of willpower
HPRegen 0.35/turn    (no ring)
MPRegen 0.14/turn

%: no passive effects
@: studying Invocations
A: horns 2, retaliatory headbutt
a: Renounce Religion, Heroism


You were on level 8 of the Dungeon.
You worshipped Okawaru.
Okawaru was most pleased with you.
You visited 2 branches of the dungeon, and saw 10 of its levels.
You also visited: Sewer.

You collected 648 gold pieces.
You spent 247 gold pieces at shops.

Inventory:

Hand Weapons
 a - a +0 war axe
 d - the +9 lance "Wyrmbane" (weapon) {slay drac, rPois rF+ rC+ AC+3}
   (You took it off Maggie on level 7 of the Dungeon)

   AC:        It affects your AC (+3).
   rF:        It protects you from fire.
   rC:        It protects you from cold.
   rPois:     It protects you from poison.
 K - a +4 scimitar of flaming
Missiles
 k - 8 poisoned darts
 q - 4 boomerangs (quivered)
 u - a curare-tipped dart
 M - 3 silver boomerangs
Armour
 e - a +0 cloak (worn)
 j - a +0 pair of boots (worn)
 C - the +6 chain mail of Untold Secrets (worn) {rElec}
   (You bought it in a shop on level 1 of the Dungeon)

   rElec:     It insulates you from electricity.
 F - a +1 buckler of positive energy (worn)
Jewellery
 f - a ring of positive energy
 g - a ring of willpower (left hand)
 y - a ring of ice
 A - an amulet of magic regeneration
 G - a ring of fire
 J - a ring of ice
Wands
 b - a wand of roots (12)
 c - a wand of polymorph (13)
 E - a wand of mindburst (13)
Scrolls
 h - 2 scrolls of fear
 m - 2 scrolls of teleportation
 n - 3 scrolls of immolation
 o - a scroll of butterflies {unknown}
 r - 3 scrolls of vulnerability {unknown}
 v - a scroll of magic mapping {unknown}
 w - a scroll of torment {unknown}
 z - 2 scrolls of enchant armour {unknown}
 I - a scroll of amnesia {unknown}
Potions
 i - 5 potions of heal wounds
 l - a potion of invisibility
 p - 5 potions of brilliance
 s - a potion of curing
 t - 4 potions of mutation
 x - a potion of magic
 B - a potion of attraction {unknown}
 D - 2 potions of cancellation
 H - 3 potions of flight
 L - a potion of haste {unknown}


   Skills:
 + Level 9.2 Fighting
 * Level 12.2 Axes
 + Level 0.0 Throwing
 + Level 8.0 Armour
 + Level 6.6 Shields
 + Level 7.9 Invocations


You had 9 spell levels left.
You didn't know any spells.
Your spell library contained the following spells:

 Spells                   Type           Power      Damage    Failure   Level
 Magic Dart               Conj           0%         1d3       95%         1
 Slow                     Hex            0%         N/A       95%         1
 Blink                    Tloc           0%         N/A       99%         2
 Lesser Beckoning         Tloc           0%         N/A       99%         2
 Momentum Strike          Conj/Tloc      0%         3d8       99%         2
 Scorch                   Fire           0%         2d5       99%         2
 Searing Ray              Conj           0%         2d4       99%         2
 Static Discharge         Conj/Air       0%         2-2/arc   99%         2
 Sublimation of Blood     Necr           0%         N/A       99%         2
 Wereblood                Tmut           0%         N/A       99%         2
 Confusing Touch          Hex            0%         N/A       100%        3
 Frozen Ramparts          Ice            0%         1d1       100%        3
 Vampiric Draining        Necr           0%         2d6       100%        3
 Airstrike                Air            0%         2d(0-16)  100%        4
 Flame Wave               Conj/Fire      0%         2d4       100%        4
 Fulminant Prism          Conj/Hex       0%         3d5       100%        4
 Ice Form                 Ice/Tmut       0%         N/A       100%        4
 Blade Hands              Tmut           0%         N/A       100%        5
 Irradiate                Conj/Tmut      0%         3d11      100%        5
 Dragon Form              Tmut           0%         N/A       100%        7
 Summon Small Mammal      Summ           Unusable   N/A       N/A         1
 Call Canine Familiar     Summ           Unusable   N/A       N/A         3
 Summon Guardian Golem    Hex/Summ       Unusable   N/A       N/A         3
 Summon Ice Beast         Ice/Summ       Unusable   N/A       N/A         4
 Summon Lightning Spire   Summ/Air       Unusable   N/A       N/A         4
 Summon Cactus Giant      Summ           Unusable   N/A       N/A         6
 Summon Hydra             Summ           Unusable   N/A       N/A         7

Dungeon Overview and Level Annotations

Branches:
Dungeon (9/15)             Temple (1/1) D:6            Lair (0/5) D:8
  Sewer (visited)
    Orc: D:9-12

Altars:
Cheibriados
Dithmenos
Elyvilon
Gozag
Hepliaklqana
Makhleb
Nemelex Xobeh
Okawaru
Qazlal
Ru
Sif Muna
Trog
Uskayaw
Wu Jian
Yredelemnul
Zin
The Shining One

Shops:
D:1 [   D:4 (   D:6 !

Annotations:
D:8 Erolcha


Innate Abilities, Weirdness & Mutations

You have a pair of horns on your head.
You reflexively headbutt those who attack you in melee.


Message History

t - 4 potions of mutation (gained 1)
Things that are here:
a +3 long sword; a +0 robe
There is an escape hatch in the floor here.
You see here a +0 quarterstaff.
There is an escape hatch in the ceiling here.
There is an escape hatch in the ceiling here.
There is an open door here.
Found a stone staircase leading down.
There is a stone staircase leading down here.
Done exploring.
There is a stone staircase leading down here.
You climb downwards.
Erolcha shouts!
There is a stone staircase leading up here.
Erolcha mumbles some strange words.
Erolcha flickers and vanishes!
Deactivating autopickup; reactivate with Ctrl-A.
You climb upwards.
Reactivating autopickup.
There is a stone staircase leading down here.
Something hits you!
Deactivating autopickup; reactivate with Ctrl-A.
You hear some strange, mumbled words.
A fireball appears from out of thin air!
The fireball explodes!
The fireball engulfs you!
You barely miss something. Something hits you!
You hit something but do no damage. You hit something. Something hits you!
You feel an overwhelming desire to slay dragons!
d - the +9 lance "Wyrmbane" (weapon)
{slay drac, rPois rF+ rC+ AC+3} You puncture something!
Something hits you!
* * * LOW HITPOINT WARNING * * *
You feel much better. Something hits you.
You barely miss something. You headbutt something.
You hit something but do no damage. You headbutt something! You hit something.
Your headbutt misses something. Something hits you.
You puncture something! You hit something. Something hits you!!
You die...

#[# #.# #.#.##### #.# #.#
#.#.# #.# #.# #.#.# #.# #.#
#.#.# #.# #.# #.#.# #.# #.#
#.#.# #.# #.# #.#.#
#.#####.# #.#.# #.......#
#.#@# #.############.#{#
#............[.#>#########
#.##############.........#
).# #########.# ..###### #.#
..#....## ##### #.#
..#.#...#######...# #.#
..#.#..#...≈...#..######.###


There were no monsters in sight!

Vanquished Creatures
  Erica (D:8)
  Pikel (D:8)
  Joseph (D:8)
  Maggie (D:7)
  Psyche (D:8)
  Prince Ribbit (D:6)
  A wyvern (D:8)
  A steam dragon (D:7)
  Duvessa (D:7)
  3 ice beasts
  A sky beast (D:7)
  2 black bears
  3 ogres
  A phantom (D:5)
  A centaur (D:8)
  2 lemures (D:8)
  A kobold brigand (Sewer)
  3 scorpions
  2 gnoll sergeants
  Dowan (D:7)
  8 wights
  The ghost of frost775 the Ruffian, a weakling DrTm (D:4)
  A howler monkey (D:6)
  A jelly (D:5)
  A hound (D:5)
  Crazy Yiuf (D:2)
  6 orc priests
  A gnoll bouda (D:7)
  3 sleepcaps
  Terence (D:2)
  3 iguanas
  An orc wizard (D:6)
  14 gnolls
  7 adders
  6 river rats (Sewer)
  2 white imps
  3 ufetubi
  A dart slug (D:4)
  22 orcs
  10 ball pythons
  4 endoplasms
  3 giant cockroaches (D:1)
  5 goblins
  8 hobgoblins
  9 jackals
  6 kobolds
  6 quokkas
  5 bats
  4 frilled lizards
  9 rats
181 creatures vanquished.

Notes
Turn   | Place    | Note
-------+----------+-------------------------------------------
     0 | D:1      | bmack86 the Minotaur Fighter began the quest for the Orb.
     0 | D:1      | Reached XP level 1. HP: 19/19 MP: 0/0
   144 | D:1      | Reached skill level 3 in Axes
   144 | D:1      | Reached XP level 2. HP: 23/27 MP: 1/1
   411 | D:1      | Found Pupriupi's Antique Armour Shop.
   879 | D:2      | Reached XP level 3. HP: 33/33 MP: 2/2
  1020 | D:2      | Noticed Terence
  1025 | D:2      | Killed Terence
  1026 | D:2      | Reached skill level 4 in Axes
  1247 | D:2      | Found a runed translucent door.
  1248 | D:2      | Noticed Crazy Yiuf
  1259 | D:2      | Killed Crazy Yiuf
  1260 | D:2      | Reached XP level 4. HP: 29/41 MP: 3/3
  1427 | D:2      | Reached skill level 1 in Invocations
  1850 | D:3      | Reached XP level 5. HP: 47/47 MP: 5/5
  2333 | D:4      | Reached skill level 5 in Axes
  2523 | D:4      | Found a glowing drain.
  2545 | Sewer    | Entered a sewer
  2646 | Sewer    | Reached XP level 6. HP: 50/55 MP: 7/7
  2668 | Sewer    | Reached skill level 5 in Fighting
  2691 | Sewer    | Reached skill level 5 in Armour
  3254 | D:4      | Found a snail-covered altar of Cheibriados.
  3319 | D:4      | Found a runed translucent door.
  3321 | D:4      | Noticed frost775's ghost (weakling DrTm)
  3327 | D:4      | Noticed an ice beast
  3337 | D:4      | Killed frost775's ghost
  3338 | D:4      | Reached skill level 6 in Axes
  3343 | D:4      | Killed an ice beast
  3344 | D:4      | Reached XP level 7. HP: 11/61 MP: 8/8
  4045 | D:4      | Found Ostreihur's Weapon Shop.
  4297 | D:1      | Bought a masterwork chain mail for 247 gold pieces
  4297 | D:1      | Identified the +6 chain mail of Untold Secrets {rElec} (You
                  | bought it in a shop on level 1 of the Dungeon)
  4368 | D:5      | Entered Level 5 of the Dungeon
  4492 | D:5      | Reached skill level 7 in Axes
  4646 | D:5      | Reached skill level 8 in Axes
  4708 | D:5      | Found a shimmering blue altar of Sif Muna.
  4724 | D:5      | Reached XP level 8. HP: 69/71 MP: 10/10
  4732 | D:5      | Found a shadowy altar of Dithmenos.
  4743 | D:5      | Found a basalt altar of Yredelemnul.
  5034 | D:6      | Noticed Prince Ribbit
  5039 | D:6      | Killed Prince Ribbit
  5040 | D:6      | Reached skill level 9 in Axes
  5061 | D:6      | Found an opulent altar of Gozag.
  5112 | D:6      | Found a staircase to the Ecumenical Temple.
  5131 | Temple   | Entered the Ecumenical Temple
  5139 | Temple   | Became a worshipper of Warmaster Okawaru
  5468 | D:6      | Found Qenissom's Distillery.
  5625 | D:6      | Found a glowing golden altar of the Shining One.
  5638 | D:6      | Reached * piety under Okawaru
  5639 | D:6      | Reached skill level 5 in Invocations
  6139 | D:7      | Reached skill level 10 in Axes
  6139 | D:7      | Reached XP level 9. HP: 81/81 MP: 11/11
  6161 | D:7      | Found an ornate altar of the Wu Jian Council.
  6270 | D:7      | Found a glowing silver altar of Zin.
  6589 | D:7      | Noticed Duvessa
  6590 | D:7      | Reached skill level 5 in Shields
  6591 | D:7      | Noticed Dowan
  6595 | D:7      | Killed Duvessa
  6602 | D:7      | Killed Dowan
  6687 | D:7      | Noticed Maggie
  6702 | D:7      | Killed Maggie
  6702 | D:7      | Reached ** piety under Okawaru
  7035 | D:7      | Reached skill level 11 in Axes
  7199 | D:8      | Noticed Erica
  7223 | D:8      | Killed Erica
  7444 | D:8      | Noticed Joseph
  7460 | D:8      | Killed Joseph
  7461 | D:8      | Reached XP level 10. HP: 81/90 MP: 14/14
  7515 | D:8      | Noticed Psyche
  7515 | D:8      | Noticed Pikel
  7533 | D:8      | Killed Psyche
  7536 | D:8      | Killed Pikel
  7537 | D:8      | Reached skill level 12 in Axes
  7629 | D:8      | Found a staircase to the Lair.
  7861 | D:8      | Reached *** piety under Okawaru
  7984 | D:8      | Found a sparkling altar of Nemelex Xobeh.
  7985 | D:8      | Found a hazy altar of Hepliaklqana.
  8575 | D:9      | Noticed Erolcha
  8592 | D:8      | Slain by Erolcha

Illustrated notes

Levels and vault maps discovered:
D:1:      lemuel_arrival_funnel, layout_basic, serial_shops,
          nicolae_shop_behind_doors, amcnicky_mini_pool_small,
          minmay_misc_feat_more_columns
D:2:      layout_loops_cross, cheibrodos_gnoll_hut, uniq_crazy_yiuf_cottage,
          uniq_terence
D:3:      layout_loops_ring, minmay_crystal_water
D:4:      layout_loops_corners, kennysheep_slug_shrine, serial_shops,
          nicolae_lakefront_shop, cheibrodos_sewer_entry_sluice,
          ebering_ghost_inner_flame
D:5:      layout_cave_pools, mainiacjoe_overflow_six_doors_small,
          mainiacjoe_overflow_catwalk_spiral
D:6:      layout_gridville, nicolae_gozag_seed_capital,
          mainiacjoe_overflow_catwalk, temple_pool_b, serial_shops,
          nicolae_shop_tiny_statue_garden, kennysheep_dice, uniq_prince_ribbit1
D:7:      layout_loops_ring, mainiacjoe_overflow_concentric_impassable,
          mainiacjoe_overflow_small_starburst, uniq_maggie, uniq_duvessa
D:8:      layout_basic, mainiacjoe_overflow_divided_tiny, dpeg_oklobed_lair,
          minivault_1, uniq_joseph, uniq_psyche, uniq_pikel, uniq_erica
D:9:      layout_basic, david_orc_5, corner_web_ring, minmay_evil_grid,
          uniq_erolcha
Temple:   pdpol_scorched_temple

Skill      XL: |  1  2  3  4  5  6  7  8  9 10 |
---------------+-------------------------------+-----
Axes           | 3 4 5 6 8 10 11 12 | 12.2
Armour         | 4 5 6 7 8 |  8.0
Fighting       | 4 5 6 7 8 9 |  9.2
Invocations    | 1 2 3 4 5 7 |  7.9
Shields        | 4 6 |  6.6

Action                     |  1- 3 |  4- 6 |  7- 9 | 10-12 || total
---------------------------+-------+-------+-------+-------++-------
  Melee: War axe           |    63 |   151 |   189 |    46 ||   449
         Headbutt          |     8 |    26 |    32 |    12 ||    78
         Lance             |       |       |    29 |    10 ||    39
  Throw: Boomerang         |       |    10 |    19 |     3 ||    32
         Dart              |       |       |     1 |       ||     1
 Invoke: Heroism           |       |       |     3 |     1 ||     4
  Evoke: Wand              |       |       |     4 |       ||     4
    Use: Potion            |     1 |       |     2 |     1 ||     4
         Scroll            |       |     7 |     5 |       ||    12
 Armour: Scale mail        |    30 |    86 |     4 |       ||   120
         Chain mail        |       |       |   134 |    44 ||   178
  Dodge: Dodged            |    33 |    60 |    83 |    26 ||   202
  Block: Buckler           |    22 |    34 |    45 |    21 ||   122
